 Dungeon Sprint DCSS version 0.28.0-43-g3370ac3207 (webtiles) character file.

Game seed: 9276447669883835367

602 smarlow the Fighter (level 7, -3/74 HPs)
             Began as a Minotaur Fighter on Feb 28, 2022.
             Was an Initiate of Okawaru.
             Slain by Sonja
             ... wielding a +2 short sword of distortion
              (5 damage)
             ... in the Dungeon (Sprint I: "Red Sonja").
             The game lasted 00:02:03 (967 turns).

smarlow the Fighter (Minotaur Fighter)               Turns: 967, Time: 00:02:03

Health: -3/74      AC:  8    Str: 22    XL:     7   Next: 18%
Magic:  10/10      EV: 10    Int:  5    God:    Okawaru [......]
Gold:   405        SH:  5    Dex: 10    Spells: 12/12 levels left

rFire   . . .      SeeInvis .   a - +0 war axe
rCold   . . .      Faith    .   c - +0 buckler
rNeg    . . .      Spirit   .   b - +0 scale mail
rPois   .          Reflect  .   (helmet restricted)
rElec   .          Harm     .   (no cloak)
rCorr   .          Rampage  .   (no gloves)
Will    .....      NoTele   +   (no boots)
Stlth   ..........              (no amulet)
HPRegen 0.22/turn               (no ring)
MPRegen 0.12/turn               (no ring)

@: mighty
A: horns 2, retaliatory headbutt
a: Renounce Religion


You were in the Dungeon.
You worshipped Okawaru.
Okawaru was noncommittal.
You visited 1 branch You collected 405 gold pieces.

Inventory:

Hand Weapons
 a - a +0 war axe (weapon)
Armour
 b - a +0 scale mail (worn)
 c - a +0 buckler (worn)
Scrolls
 i - a scroll of identify {unknown}
 j - a scroll of blinking
Potions
 e - 3 potions of curing
 f - a potion of heal wounds
 g - a potion of haste
 h - 2 potions of magic


   Skills:
 * Level 11.2 Fighting
 + Level 7.6 Axes
 + Level 9.8 Armour
 + Level 1.7 Dodging
 + Level 0.5 Stealth
 + Level 8.4 Shields
 * Level 3.2 Spellcasting


You had 12 spell levels left.
You didn't know any spells.
Your spell library was empty.

Dungeon Overview and Level Annotations

Branches:
Dungeon (1/1)

Altars:
Cheibriados
Dithmenos
Elyvilon
Fedhas
Gozag
Hepliaklqana
Kikubaaqudgha
Makhleb
Nemelex Xobeh
Okawaru
Qazlal
Ru
Sif Muna
Trog
Uskayaw
Vehumet
Wu Jian
Xom
Yredelemnul
Zin
The Shining One
Jiyva
Lugonu

Shops:
D !

Annotations:
D Sonja


Innate Abilities, Weirdness & Mutations

You have a pair of horns on your head.
You reflexively headbutt those who attack you in melee.


Message History

There is an open door, spattered with blood here.
There is an open door here.
You see here 15 stones.
You open the door.
Sonja, the Graceful Assassin comes into view.
She is wielding a +2 short sword of distortion, quivering curare-tipped darts and carrying a wand of iceblast (4).
Sonja shouts!
Sonja throws a curare-tipped dart.
You block the curare-tipped dart.
Sonja throws a curare-tipped dart.
The curare-tipped dart barely misses you.
Found 108 gold pieces.
Okay, then.
Sonja casts a spell.
Sonja blinks!
There is an open door here.
You closely miss Sonja.
Sonja hits you with a +2 short sword of distortion!
Sonja hits you with a +2 short sword of distortion.
Space warps around you. Sonja misses you.
Sonja hits you with a +2 short sword of distortion.
Sonja hits you but does no damage.
Sonja hits you with a +2 short sword of distortion.
Space warps around you.
You feel very mighty all of a sudden. You block Sonja's attack.
Sonja hits you but does no damage. Sonja misses you.
You completely miss Sonja.
Sonja hits you with a +2 short sword of distortion.
Space warps around you. Sonja hits you but does no damage.
Sonja hits you with a +2 short sword of distortion.
Sonja closely misses you. Sonja barely misses you.
Sonja hits you with a +2 short sword of distortion.
You slice Sonja!! Your headbutt misses Sonja.
Sonja is severely wounded.
Sonja hits you with a +2 short sword of distortion!
Space warps horribly around you!!
* * * LOW HITPOINT WARNING * * *
Sonja barely misses you. x2
You miss Sonja.
Sonja is severely wounded.
Sonja hits you with a +2 short sword of distortion.
You die...

#<.#..').#..'..#__#..+
#..').#..').#..'..'..#
#..#####'#####'#__####
#..####..#...#(####
#..#__####..##.#
#..#_____##'#_.+
#⌠⌠#_.∩...÷..._#
####_..__##_K#'#
#_____###@#.# #######
#.### $.$ #$.$# ##.##
#+#


You could see Sonja.

Vanquished Creatures
  A slime creature (D)
  Sigmund (D)
  A yak (D)
  An ogre (D)
  A jelly (D)
  Ijyb (D)
6 creatures vanquished.

Notes
Turn   | Place    | Note
-------+----------+-------------------------------------------
     0 | D        | smarlow the Minotaur Fighter began the quest for the Orb.
     0 | D        | Reached XP level 1. HP: 19/19 MP: 0/0
     2 | D        | Noticed Ijyb
    23 | D        | Killed Ijyb
    24 | D        | Reached skill level 5 in Fighting
    24 | D        | Reached skill level 5 in Armour
    24 | D        | Reached skill level 5 in Shields
    24 | D        | Reached XP level 2. HP: 11/29 MP: 1/1
   246 | D        | Noticed an ogre
   252 | D        | Killed an ogre
   253 | D        | Reached skill level 6 in Fighting
   253 | D        | Reached XP level 3. HP: 11/38 MP: 2/2
   253 | D        | Reached XP level 4. HP: 13/45 MP: 3/3
   471 | D        | Noticed Sigmund
   482 | D        | Killed Sigmund
   483 | D        | Reached skill level 9 in Fighting
   483 | D        | Reached skill level 5 in Axes
   483 | D        | Reached skill level 1 in Dodging
   483 | D        | Reached skill level 1 in Spellcasting
   483 | D        | Reached XP level 5. HP: 33/57 MP: 3/6
   615 | D        | Found a shimmering blue altar of Sif Muna.
   616 | D        | Found an ornate altar of the Wu Jian Council.
   617 | D        | Found a radiant altar of Vehumet.
   620 | D        | Reached XP level 6. HP: 63/63 MP: 6/8
   651 | D        | Found Kify's Distillery.
   651 | D        | Found an ancient bone altar of Kikubaaqudgha.
   651 | D        | Found a hazy altar of Hepliaklqana.
   651 | D        | Found a stormy altar of Qazlal.
   651 | D        | Found a hide-covered altar of Uskayaw.
   651 | D        | Found a blossoming altar of Fedhas.
   651 | D        | Found a bloodstained altar of Trog.
   651 | D        | Found an iron altar of Okawaru.
   651 | D        | Found a basalt altar of Yredelemnul.
   651 | D        | Found a glowing golden altar of the Shining One.
   651 | D        | Found a snail-covered altar of Cheibriados.
   651 | D        | Found a sacrificial altar of Ru.
   651 | D        | Found a glowing silver altar of Zin.
   651 | D        | Found a shadowy altar of Dithmenos.
   651 | D        | Found a white marble altar of Elyvilon.
   651 | D        | Noticed a yak
   657 | D        | Killed a yak
   658 | D        | Reached skill level 10 in Fighting
   658 | D        | Found an opulent altar of Gozag.
   659 | D        | Found a sparkling altar of Nemelex Xobeh.
   680 | D        | Became a worshipper of Warmaster Okawaru
   693 | D        | Found a viscous altar of Jiyva.
   693 | D        | Found a corrupted altar of Lugonu.
   693 | D        | Noticed a slime creature
   694 | D        | Found a burning altar of Makhleb.
   694 | D        | Found a shimmering altar of Xom.
   702 | D        | Killed a slime creature
   703 | D        | Reached skill level 11 in Fighting
   703 | D        | Reached XP level 7. HP: 22/74 MP: 10/10
   961 | D        | Noticed Sonja
   966 | D        | HP: 1/74 [Sonja/+2 short sword of distortion (22)]
   967 | D        | Slain by Sonja

Illustrated notes

Levels and vault maps discovered:
D:        dungeon_sprint_1 [red_sonja_temple_1, red_sonja_temple_small_1]

Skill      XL: |  1  2  3  4  5  6 |
---------------+-------------------+-----
Fighting       | 5 6 9 11 | 11.2
Axes           | 3 4 5 6 7 |  7.6
Armour         | 5 7 8 9 |  9.8
Shields        | 5 6 7 8 |  8.4
Dodging        | 1 |  1.7
Spellcasting   | 1 2 3 |  3.2
Stealth        | |  0.5

Action                   |  1- 3 |  4- 6 |  7- 9 || total
-------------------------+-------+-------+-------++-------
Melee: War axe           |    17 |    25 |     4 ||    46
       Headbutt          |     2 |     4 |       ||     6
  Use: Potion            |     1 |       |     1 ||     2
Armor: Scale mail        |     3 |     5 |     3 ||    11
Dodge: Dodged            |     7 |     7 |     7 ||    21
Block: Buckler           |     1 |     4 |     2 ||     7
